 Dungeon Crawl Stone Soup version 0.23.2-1-ga50397a (webtiles) character file.

Game seed: 1477949592230956388

63 Aske the Skirmisher (level 4, -4/40 HPs)
             Began as a Ghoul Monk on Apr 26, 2019.
             Slain by Sigmund
             ... wielding a +0 scythe
              (16 damage)
             ... on level 2 of the Dungeon.
             The game lasted 00:02:40 (1498 turns).

Aske the Skirmisher (Ghoul Monk)                    Turns: 1498, Time: 00:02:41

Health: -4/40      AC:  3    Str: 14    XL:     4   Next: 10%
Magic:  3/3        EV: 13    Int: 10    God:
Gold:   95         SH:  0    Dex: 12    Spells: 3/3 levels left

rFire    . . .     SeeInvis .   h - +0 rapier
rCold    + . .     Gourm    .   (no shield)
rNeg     + + +     Faith    .   b - +0 robe
rPois    ∞         Spirit   .   (no helmet)
rElec    .         Reflect  .   (no cloak)
rCorr    .         Harm     .   m - +0 pair of gloves
MR       .....                  (no boots)
Stlth    ++........             (no amulet)
HPRegen  0.00/turn              (no ring)
MPRegen  0.08/turn              (no ring)

@: brilliant, very slightly contaminated, rotting, invisible
A: rotting body, claws 1, carnivore, cold resistance 1, negative energy
resistance 3, inhibited regeneration, torment resistance, unbreathing
a: no special abilities


You were on level 2 of the Dungeon.
You were not hungry.

You visited 1 branch of the dungeon, and saw 2 of its levels.

You collected 95 gold pieces.

Inventory:

Hand Weapons
 h - a +0 rapier (weapon)
Missiles
 e - 7 javelins (quivered)
Armour
 b - a +0 robe (worn)
 m - a +0 pair of gloves (worn)
Scrolls
 f - a scroll of teleportation
 i - a scroll of remove curse
 j - a scroll of fog {unknown}
 q - a scroll of fear {unknown}
Potions
 a - a potion of curing
 l - a potion of agility {unknown}
 n - a potion of mutation {unknown}
 o - a potion of ambrosia {unknown}
Comestibles
 c - 4 rations
 k - 3 chunks of flesh


   Skills:
 + Level 4.0 Fighting
 + Level 3.3 Short Blades
 + Level 3.2 Dodging
 + Level 2.7 Stealth


You had 3 spell levels left.
You didn't know any spells.
Your spell library was empty.

Dungeon Overview and Level Annotations

Branches:
Dungeon (2/15)

Altars:

Annotations:
D:2 Sigmund


Innate Abilities, Weirdness & Mutations

Your body is rotting away.
You thrive on raw meat.
You are immune to poison.
You have sharp fingernails.
You are carnivorous and can eat meat at any time.
Your flesh is cold resistant. (rC+)
You are immune to negative energy. (rN+++)
You do not regenerate when monsters are visible.
You are immune to unholy pain and torment.
You can survive without breathing.


Message History

You kill the bat!
Sigmund closely misses you.
Sigmund gestures wildly while chanting.
Sigmund flickers and vanishes!
Deactivating autopickup; reactivate with Ctrl-A.
No target in view!
It was a potion of curing.
You feel better. Something hits you!
It was a potion of lignification.
You feel woody for a moment.
It was a potion of brilliance.
You feel clever all of a sudden. Something hits you!
It was a potion of invisibility.
You fade into invisibility!
Something hits you.
You are very lightly contaminated with residual magic.
You closely miss something. You closely miss something. Something hits you.
* * * LOW HITPOINT WARNING * * *
You hit something but do no damage. Something hits you!
You die...

### #.......... ..# #........#
#.......... #.#######........#
#.......... #.....>..........#
#.......... ## #.... ...........#
#.......... <# #... ...........#
#.......... .###.#######........#
#)......... ....................#
#.......... ....8...####..†.@{..#
#.......... ...8_8..# ####'#####
##########.
##..8..########.############.....
......................†..........
.......########.######.##....#...
.###.#.# #.. #.##.####...
.#...#.# ##.# #....# ##.#.#.#
###..####..### ##.###.####
#..........#


There were no monsters in sight!

Vanquished Creatures
  2 adders (D:2)
  A worm (D:2)
  2 dart slugs
  2 giant cockroaches (D:2)
  7 goblins
  2 hobgoblins
  3 jackals (D:2)
  4 kobolds
  5 bats
  7 frilled lizards
  A rat (D:2)
36 creatures vanquished.

Notes
Turn   | Place    | Note
-------+----------+-------------------------------------------
     0 | D:1      | Aske the Ghoul Monk began the quest for the Orb.
     0 | D:1      | Reached XP level 1. HP: 19/19 MP: 0/0
   136 | D:1      | Reached XP level 2. HP: 15/26 MP: 1/1
   779 | D:2      | Found a faded altar of an unknown god.
  1048 | D:2      | Reached XP level 3. HP: 27/33 MP: 2/2
  1157 | D:2      | Reached skill level 4 in Fighting
  1269 | D:2      | Reached XP level 4. HP: 30/40 MP: 3/3
  1489 | D:2      | Noticed Sigmund
  1498 | D:2      | Slain by Sigmund

Skill      XL: |  1  2  3 |
---------------+----------+-----
Dodging        | 3 |  3.2
Short Blades   | 3 |  3.3
Fighting       | 4 |  4.0
Stealth        | |  2.7

Action                   |  1- 3 |  4- 6 || total
-------------------------+-------+-------++-------
Melee: Short sword       |    83 |       ||    83
       Rapier            |    13 |     9 ||    22
Throw: Javelin           |     1 |       ||     1
  Use: Scroll            |     3 |       ||     3
       Potion            |       |     4 ||     4
 Stab: Sleeping          |     6 |     1 ||     7
       Distracted        |     1 |       ||     1
  Eat: Chunk             |     6 |       ||     6
Armor: Robe              |    15 |     1 ||    16
Dodge: Dodged            |    58 |     6 ||    64
